 Dungeon Crawl Stone Soup version 0.31-a0-1610-g9787180 (webtiles) character file.

Game seed: 13455274696848389903

6413 PidgeyThePirate the Cleaver (level 10, -13/88 HPs)
             Began as a Troll Chaos Knight on Jan 8, 2024.
             Was a Plaything of Xom.
             Mangled by Gastronok (31 damage)
             ... on level 9 of the Dungeon.
             The game lasted 00:23:12 (7967 turns).

PidgeyThePirate the Cleaver (Troll Chaos Knight)    Turns: 7967, Time: 00:23:16

Health: -13/88     AC: 12    Str: 28    XL:     10   Next: 66%
Magic:  0/7        EV: 12    Int:  8    God:    Xom [.*....]
Gold:   508        SH:  0    Dex: 13    Spells: 9/9 levels left

rFire   + . .        a - +0 hand axe (chaos)
rCold   + . .        (no shield)
rNeg    . . .        e - +0 acid dragon scales
rPois   .            (helmet restricted)
rElec   .            w - scarf {rC+ rF+}
rCorr   +            (gloves unavailable)
SInv    .            (boots unavailable)
Will    .....        u - amulet of guardian spirit
Stlth   +            g - +4 ring of protection
HPRegen 1.14/turn    j - +6 ring of strength
MPRegen 0.10/turn

%: guardian spirit
@: no status effects
A: large, unfitting armour, claws 3, regeneration 1, shaggy fur 1, tough skin 1,
frail 1, low MP 2, wild magic 1
a: Renounce Religion


You were on level 9 of the Dungeon.
You worshipped Xom.
You were a plaything of Xom.
You visited 1 branch of the dungeon, and saw 9 of its levels.

You collected 508 gold pieces.

Inventory:

Hand Weapons
 a - a +0 hand axe of chaos (weapon)
Armour
 b - a +2 robe
 e - +0 acid dragon scales (worn)
 n - a +1 robe of fire resistance
 t - a +0 buckler
 w - a scarf of resistance (worn)
 y - a +0 troll leather armour
Jewellery
 g - a +4 ring of protection (left claw)
 j - a +6 ring of strength (right claw)
 u - an amulet of guardian spirit (around neck)
Talismans
 h - a storm talisman
Wands
 o - a wand of iceblast (13)
Scrolls
 c - a scroll of poison {unknown}
 d - a scroll of acquirement {unknown}
 f - 4 scrolls of identify
 i - 3 scrolls of teleportation
 k - 2 scrolls of noise {unknown}
 l - a scroll of fog
 m - 2 scrolls of immolation
 p - 3 scrolls of vulnerability
 r - a scroll of enchant weapon {unknown}
 s - 3 scrolls of amnesia {unknown}
 v - 2 scrolls of blinking {unknown}
Potions
 x - a potion of magic


   Skills:
 + Level 6.1 Fighting
 + Level 8.5 Axes
 + Level 3.3 Armour
 + Level 6.5 Dodging
 - Level 0.3 Stealth
 * Level 6.5 Shapeshifting


You had 9 spell levels left.
You didn't know any spells.
Your spell library contained the following spells:

 Spells                   Type           Power      Damage    Failure   Level
 Summon Small Mammal      Summ           0%         N/A       54%         1
 Lesser Beckoning         Tloc           0%         N/A       69%         2
 Call Canine Familiar     Summ           0%         N/A       88%         3
 Volatile Blastmotes      Fire/Tloc      0%         2d10      88%         3
 Animate Armour           Summ/Erth      0%         N/A       99%         4
 Summon Blazeheart Golem  Fire/Summ      0%         N/A       99%         4
 Summon Lightning Spire   Summ/Air       0%         N/A       99%         4
 Lee's Rapid Deconstruct  Erth           0%         3d4*      100%        5


Dungeon Overview and Level Annotations

Branches:
Dungeon (9/15)             Temple (0/1) D:7
   Lair: D:8-11         Orc: D:9-12

Altars:
Cheibriados
Dithmenos
Hepliaklqana
Kikubaaqudgha
Makhleb
Okawaru
Qazlal
Ru
Trog
Vehumet
Wu Jian
Xom
Yredelemnul
Zin
The Shining One

Shops:
D:3 *?*   D:5 *   D:7 [

Annotations:
D:9 Gastronok


Innate Abilities, Weirdness & Mutations

You are too large for most types of armour.
You have claws for hands.
Your natural rate of healing is unusually fast.
You are covered in fur. (AC +1)
You have tough skin. (AC +1)
You are frail. (-10% HP)
Your magical capacity is very low. (-20% MP)
Your spells are a little harder to cast, but a little more powerful.


Message History

Gastronok gurgles horribly!
Gastronok is nearby!
Gastronok waves his eye-stalks in wide circles.
The air twists around and strikes you!!
You slash Gastronok! You freeze Gastronok.
Gastronok is lightly wounded.
You hit Gastronok. You freeze Gastronok.
Gastronok is lightly wounded.
Gastronok waves his eye-stalks in wide circles.
The air twists around and strikes you!!
You hit Gastronok but do no damage.
Gastronok blinks!
Gastronok is lightly wounded.
Gastronok bites you but does no damage.
Gastronok waves his eye-stalks in wide circles.
The air twists around and strikes you!!
* * * LOW HITPOINT WARNING * * *
A shower of butterflies erupts from you!
Okay, then.
As you read the scroll of fog, it dissolves into smoke.
The area is suffused with divine lightning!
The blast of lightning engulfs your butterfly!!!
Your butterfly dies!
Your butterfly degenerates into a cloud of primal chaos!
The blast of lightning engulfs your butterfly!!!
Your butterfly dies!
Your butterfly disappears in a puff of smoke!
The blast of lightning engulfs your butterfly!!
Your butterfly dies!
Your butterfly disappears in a puff of smoke!
The blast of lightning engulfs Gastronok!!!
As you read the scroll of fear, it crumbles to dust.
You assume a fearsome visage.
Gastronok looks frightened!
You hit Gastronok. You burn Gastronok.
Your attack snaps Gastronok out of his fear.
Gastronok is heavily wounded. "See what I see, my child!"
You detect nothing.
Gastronok bites you!!
You die...
Gastronok gurgles, "Let's see if you taste as good as that wizard did."
Xom chortles!

#...)..#.......##...##
#......#.#._.#.#'.....
#........##.##..#.....
#.........###...#.....
#...............#.....
###.............'.....
#.§§§.§.......#.....
#.§w§§........#.....
#.§@§§........#####'
#§######............
#.# #............ #.#
#............ #.#
#.#########.. #.#
#.#.......#.. #.#
#.#.......#.. #.#
#.#.......#..
#.######.#.......#..


You could see Gastronok.

Vanquished Creatures
  A troll (D:9)
  A spriggan (D:8)
  A wraith (D:9)
  Eustachio (D:6)
  10 yaks (D:8)
  Grum (D:9)
  A basilisk (D:7)
  A steam dragon (D:8)
  2 water moccasins
  2 acid dragons
  3 orc warriors
  3 black bears
  2 ogres
  2 wolves (D:9)
  4 centaurs
  Blork the orc (D:6)
  A gnoll sergeant (D:7)
  5 bullfrogs
  3 scorpions
  12 wights
  4 killer bees (D:9)
  2 howler monkeys
  4 jellies
  4 orc priests
  2 hounds
  A gnoll bouda (D:7)
  3 iguanas
  9 orc wizards
  A mummy (D:4)
  Robin (D:3)
  3 gnolls (D:7)
  4 adders
  3 shadow imps
  2 white imps
  8 ufetubi
  3 dart slugs
  4 ribbon worms
  28 orcs
  7 endoplasms
  16 goblins
  10 hobgoblins
  5 jackals
  5 quokkas
  7 ball pythons
  8 bats
  4 frilled lizards
  10 kobolds
  A kobold zombie (D:4)
  2 orc zombies (D:4)
  3 rats
221 creatures vanquished.

Vanquished Creatures (collateral kills)
  A hobgoblin zombie (D:4)
1 creature vanquished.

Grand Total: 222 creatures vanquished

Notes
Turn   | Place    | Note
-------+----------+-------------------------------------------
     0 | D:1      | PidgeyThePirate the Troll Chaos Knight began the quest for
                  | the Orb.
     0 | D:1      | Reached XP level 1. HP: 22/22 MP: 0/0
    55 | D:1      | Reached XP level 2. HP: 29/29 MP: 1/1
   143 | D:1      | XOM: potion effect (might)
   305 | D:1      | XOM: draining
   756 | D:2      | Reached skill level 3 in Axes
   756 | D:2      | Reached XP level 3. HP: 29/32 MP: 2/2
  1494 | D:3      | XOM: noise
  1510 | D:3      | Reached XP level 4. HP: 42/42 MP: 3/3
  1579 | D:3      | Found Xugiurha's General Store.
  1600 | D:3      | Found a hazy altar of Hepliaklqana.
  1617 | D:3      | XOM: snakes to sticks
  1748 | D:3      | Found Rargh's Magic Scroll Boutique.
  1748 | D:3      | XOM: 4-stop teleportation journey
  1761 | D:3      | Got the Octavo of Shifting
  1831 | D:3      | Noticed Robin
  1846 | D:3      | XOM: confuse monster(s)
  1850 | D:3      | Killed Robin
  1851 | D:3      | Reached skill level 1 in Shapeshifting
  1942 | D:3      | Reached XP level 5. HP: 14/53 MP: 4/4
  2034 | D:3      | XOM: chaos upgrade
  2037 | D:3      | Found Latwopt's General Store.
  2252 | D:3      | Found a stormy altar of Qazlal.
  2564 | D:4      | XOM: god gift: knobbly pearl ring {god gift}
  3046 | D:5      | Entered Level 5 of the Dungeon
  3103 | D:5      | Found Zaolezel's General Store.
  3111 | D:5      | XOM: 2-stop teleportation journey
  3200 | D:5      | Reached skill level 4 in Axes
  3228 | D:5      | Reached XP level 6. HP: 57/61 MP: 5/5
  3276 | D:5      | Found a glowing silver altar of Zin.
  3329 | D:5      | XOM: noise
  3339 | D:5      | XOM: chaos cloud
  3347 | D:5      | XOM: draining
  3426 | D:5      | XOM: smoke on damage
  3428 | D:5      | Reached XP level 7. HP: 27/66 MP: 6/6
  3518 | D:5      | XOM: summons 1 hostile demon
  3705 | D:5      | XOM: draining
  4024 | D:6      | XOM: chaos cloud
  4043 | D:6      | Reached skill level 5 in Axes
  4054 | D:6      | XOM: give mutations
  4054 | D:6      | Gained mutation: You have sharp toenails. [Xom's mischief]
  4054 | D:6      | Gained mutation: You are agile. (Dex +4, Str/Int -1) [Xom's
                  | mischief]
  4054 | D:6      | Gained mutation: You are covered in thick fur. (AC +2)
                  | [Xom's mischief]
  4090 | D:6      | XOM: 1-stop teleportation journey
  4158 | D:6      | XOM: give mutations
  4158 | D:6      | Lost mutation: You have sharp toenails. [Xom's mischief]
  4158 | D:6      | Gained mutation: You have hidden genetic potential. [Xom's
                  | mischief]
  4158 | D:6      | Gained mutation: You are strong-willed. (Will+) [Xom's
                  | mischief]
  4160 | D:6      | Noticed Blork the orc
  4175 | D:6      | Reached XP level 8. HP: 76/78 MP: 7/7
  4179 | D:6      | Killed Blork the orc
  4441 | D:6      | Noticed Eustachio
  4466 | D:6      | XOM: confuse monster(s)
  4467 | D:6      | XOM: potion effect (might)
  4470 | D:6      | Killed Eustachio
  4471 | D:6      | Reached skill level 6 in Axes
  4471 | D:6      | Reached skill level 5 in Dodging
  4496 | D:6      | Gained mutation: You are resistant to electric shocks.
                  | (rElec) [hidden potential]
  4683 | D:7      | XOM: confuse monster(s)
  4828 | D:7      | XOM: enchant monster (bad)
  4843 | D:7      | Found a staircase to the Ecumenical Temple.
  4856 | D:7      | XOM: confusion
  4915 | D:7      | XOM: 1-stop teleportation journey
  4931 | D:7      | Reached XP level 9. HP: 84/85 MP: 8/8
  4941 | D:7      | Noticed Joseph
  4968 | D:7      | XOM: silly message
  5136 | D:7      | XOM: stat loss: -1 Dex (16/17)
  5194 | D:7      | XOM: torment (41/83 hp)
  5201 | D:7      | XOM: give mutations
  5201 | D:7      | Lost mutation: You are strong-willed. (Will+) [Xom's
                  | mischief]
  5201 | D:7      | Lost mutation: You are agile. (Dex +4, Str/Int -1) [Xom's
                  | mischief]
  5201 | D:7      | Gained mutation: Your magical capacity is low. (-10% MP)
                  | [Xom's mischief]
  5201 | D:7      | Lost mutation: You are covered in thick fur. (AC +2) [Xom's
                  | mischief]
  5268 | D:7      | XOM: summons 2 hostile demons
  5271 | D:7      | Joseph changed into Joseph the basilisk
  5271 | D:7      | Noticed Joseph
  5280 | D:7      | XOM: silly message
  5335 | D:7      | Found Uqinni's Armour Shoppe.
  5418 | D:7      | XOM: divination: detect creatures
  5428 | D:7      | Killed Joseph the basilisk
  5580 | D:7      | Gained mutation: You have a pair of small antennae on your
                  | head. [hidden potential]
  5580 | D:7      | Lost mutation: You have hidden genetic potential. [hidden
                  | potential expressed]
  5584 | D:7      | Reached skill level 7 in Axes
  5843 | D:7      | Reached skill level 5 in Shapeshifting
  6037 | D:7      | XOM: summons 4 hostile demons
  6137 | D:8      | Reached skill level 5 in Fighting
  6178 | D:8      | Found a bloodstained altar of Trog.
  6221 | D:8      | XOM: polymorph kobold brigand -> spriggan
  6222 | D:8      | XOM: scenery: create altars
  6360 | D:8      | Found a burning altar of Makhleb.
  6365 | D:8      | Found a radiant altar of Vehumet.
  6366 | D:8      | Found a glowing golden altar of the Shining One.
  6368 | D:8      | Found an iron altar of Okawaru.
  6369 | D:8      | Found a snail-covered altar of Cheibriados.
  6370 | D:8      | Found a sacrificial altar of Ru.
  6400 | D:8      | Found an ornate altar of the Wu Jian Council.
  6416 | D:8      | Found an ancient bone altar of Kikubaaqudgha.
  6498 | D:8      | XOM: enchant monster (good)
  6516 | D:8      | Reached skill level 1 in Armour
  6581 | D:8      | XOM: draining
  6603 | D:8      | XOM: confusion (+ monsters)
  6605 | D:8      | XOM: destruction
  6613 | D:8      | XOM: swap monsters
  6624 | D:8      | Reached XP level 10. HP: 43/95 MP: 4/8
  6798 | D:8      | Reached skill level 8 in Axes
  6798 | D:8      | XOM: noise
  6803 | D:8      | XOM: blink monster(s)
  6804 | D:8      | XOM: polymorph yak -> bullfrog
  7046 | D:9      | XOM: enchant monster (good)
  7133 | D:9      | Found a shadowy altar of Dithmenos.
  7192 | D:9      | XOM: noise
  7207 | D:9      | Noticed Gastronok
  7363 | D:9      | Noticed Grum
  7377 | D:9      | Killed Grum
  7403 | D:9      | XOM: give mutation
  7403 | D:9      | Gained mutation: Your spells are a little harder to cast,
                  | but a little more powerful. [Xom's mischief]
  7419 | D:9      | XOM: blink monster(s)
  7589 | D:9      | Found a basalt altar of Yredelemnul.
  7942 | D:9      | XOM: give mutations
  7942 | D:9      | Gained mutation: You are frail. (-10% HP) [Xom's mischief]
  7942 | D:9      | Gained mutation: Your magical capacity is very low. (-20%
                  | MP) [Xom's mischief]
  7942 | D:9      | Lost mutation: You have a pair of small antennae on your
                  | head. [Xom's mischief]
  7942 | D:9      | Lost mutation: You are resistant to electric shocks.
                  | (rElec) [Xom's mischief]
  7963 | D:9      | XOM: butterfly on damage
  7965 | D:9      | XOM: divine lightning
  7967 | D:9      | XOM: divination: detect creatures
  7967 | D:9      | Mangled by Gastronok

Illustrated notes

Levels and vault maps discovered:
D:1:      amcnicky_arrival_gap_in_the_tavern_cellar, layout_basic
D:2:      layout_loops_ring, minmay_tall_x
D:3:      layout_loops_corners, lemuel_tele_altar,
          nicolae_overflow_hidden_temple, serial_shops,
          nicolae_shop_tiny_real_fake_doors, shop, nicolae_shop_hallway_plus,
          minivault_19, grunt_decor_resistance, corner_web_ring,
          hangedman_glass_teeth, uniq_robin
D:4:      layout_cave_pools, minmay_mini_ossuary
D:5:      layout_basic, mainiacjoe_overflow_alcove_2, serial_shops,
          nicolae_take_the_stairs
D:6:      layout_gridville, nrook_campfire, uniq_blork_the_orc, uniq_eustachio
D:7:      layout_basic, minmay_temple_entry_statues_fountains,
          serial_co_window_serial, co_window_of_opportunity_a,
          co_window_paths_a, co_window_paths_a, co_window_corner_a,
          co_window_paths_a, co_window_broadway_c, co_window_broadway_a,
          co_window_corner_cb, co_window_broadway_a, glass_columns_b,
          glass_columns_a, glass_columns_a, glass_columns_a, serial_shops, shop,
          nicolae_grassy_gnolls, uniq_joseph
D:8:      layout_loops_cross, nicolae_overflow_hallway_of_the_gods,
          eino_small_chamber_without_monster
D:9:      layout_irregular_city, mainiacjoe_overflow_six_doors_small,
          nicolae_dithmenos_through_a_glass_darkly, uniq_gastronok, uniq_grum

Skill      XL: |  1  2  3  4  5  6  7  8  9 10 |
---------------+-------------------------------+-----
Dodging        | 2 3 4 5 6 |  6.5
Axes           | 3 4 5 6 7 8 |  8.5
Fighting       | 3 4 5 6 |  6.1
Shapeshifting  | 1 2 3 4 5 6 |  6.5
Armour         | 1 3 |  3.3
Stealth        | |  0.3

Action                     |  1- 3 |  4- 6 |  7- 9 | 10-12 || total
---------------------------+-------+-------+-------+-------++-------
  Melee: Hand axe          |   149 |   157 |   439 |   157 ||   902
         Punch             |       |     2 |     7 |     6 ||    15
         Kick              |       |       |    11 |       ||    11
    Use: Potion            |       |     5 |     4 |       ||     9
         Scroll            |       |     3 |     3 |     5 ||    11
   Stab: Sleeping          |       |     1 |     1 |       ||     2
         Confused          |       |     1 |     6 |     2 ||     9
         Petrified         |       |       |    17 |       ||    17
         Paralysed         |       |       |     5 |     1 ||     6
 Armour: Robe              |    99 |   158 |   394 |       ||   651
         Acid dragon scale |       |       |    87 |   198 ||   285
  Dodge: Dodged            |    83 |   138 |   367 |   138 ||   726

Table legend: (Time is in decaauts)
 A = Elapsed time spent in this place.
 B = Non-inter-level travel time spent in this place.
 C = Inter-level travel time spent in this place.
 D = Time resting spent in this place.
 E = Time spent auto-exploring this place.
 F = Levels seen in this place.
 G = Mean time per level.
                   A        B        C        D        E       F      G
               +--------+--------+--------+--------+--------+-----+--------+
         Total |   7958 |   7574 |    384 |      0 |   5364 |   9 |  884.2 |
       Dungeon |   7958 |   7574 |    384 |      0 |   5364 |   9 |  884.2 |
               +--------+--------+--------+--------+--------+-----+--------+

Top non-repeatable levels by time:
     D:7: 1345 daAuts
     D:3: 1057 daAuts
     D:5: 971 daAuts
     D:9: 954 daAuts
     D:8: 887 daAuts
     D:2: 766 daAuts
     D:1: 748 daAuts
     D:6: 718 daAuts
     D:4: 509 daAuts
